 Dungeon Crawl Stone Soup version 0.23.1 (webtiles) character file.

Game seed: 5371913491361355258

31059 Borgoz the Nimble (level 13, -8/109 (110) HPs)
             Began as a Ghoul Enchanter on Mar 3, 2019.
             Was a Priest of Ashenzari.
             Mangled by an orc knight
             ... wielding a +0 war axe
              (9 damage)
             ... on level 10 of the Dungeon.
             The game lasted 00:44:31 (22526 turns).

Borgoz the Nimble (Ghoul Enchanter)                Turns: 22526, Time: 00:44:32

HP:   -8/109 (110)  AC: 20    Str: 13    XL:     13   Next: 55%
MP:   0/19          EV: 17    Int: 11    God:    Ashenzari [***...]
Gold: 1441          SH:  0    Dex: 14    Spells: 16/22 levels left

rFire    . . .     SeeInvis +   a - +1 dagger (venom)
rCold    + . .     Gourm    .   (no shield)
rNeg     + + +     Faith    .   x - +5 ring mail
rPois    ∞         Spirit   +   j - +2 helmet (curse)
rElec    .         Reflect  .   m - scarf {repulsion}
rCorr    .         Harm     .   R - +0 pair of gloves
MR       .....                  N - +0 pair of boots
Stlth    +++.......             y - amulet of guardian spirit (curse)
HPRegen  0.00/turn              O - +3 ring of protection
MPRegen  0.16/turn              P - +2 ring of dexterity

@: about to teleport, rotting, repel missiles
A: rotting body, claws 1, carnivore, cold resistance 1, negative energy
resistance 3, inhibited regeneration, torment resistance, unbreathing
a: Curse Item, Scrying, Renounce Religion


You were on level 10 of the Dungeon.
You worshipped Ashenzari.
Ashenzari was most pleased with you.
You were not hungry.

You visited 4 branches of the dungeon, and saw 19 of its levels.
You also visited: Ossuary.

You collected 1441 gold pieces.

Inventory:

Hand Weapons
 a - a +1 dagger of venom (weapon)
 b - a +5 blowgun
 n - a +0 dagger of draining
Missiles
 v - 67 poisoned needles
 A - 2 curare-tipped needles
 D - 8 tomahawks
 S - a throwing net (quivered)
Armour
 j - a cursed +2 helmet (worn)
 m - a scarf of repulsion (worn)
 t - a +2 robe of magic resistance
 w - a +4 chain mail of cold resistance
 x - a +5 ring mail (worn)
 N - a +0 pair of boots (worn)
 R - a +0 pair of gloves (worn)
Jewellery
 y - a cursed amulet of guardian spirit (around neck)
 C - an uncursed amulet of magic regeneration
 O - a +3 ring of protection (left hand)
 P - a +2 ring of dexterity (right hand)
Wands
 c - a wand of scattershot (3)
 g - a wand of iceblast (4)
 k - a wand of polymorph (17)
 p - a wand of flame (22)
 F - a wand of paralysis (14)
 H - a wand of disintegration (6)
 T - a wand of random effects (21)
Scrolls
 e - 11 scrolls of remove curse
 f - 5 scrolls of teleportation
 h - 4 scrolls of enchant weapon
 q - 5 scrolls of enchant armour
 z - 3 scrolls of blinking
 B - 2 scrolls of amnesia
 E - 3 scrolls of magic mapping
 L - a scroll of torment
 M - 4 scrolls of fog
Potions
 l - 4 potions of flight
 o - 7 potions of haste
 r - 9 potions of curing
 s - a potion of cancellation
 u - 2 potions of magic
 G - a potion of invisibility
 I - 3 potions of brilliance
 K - 2 potions of might
 U - 3 potions of agility
Comestibles
 d - 40 rations


   Skills:
 + Level 8.9 Fighting
 * Level 10.3 Short Blades
 - Level 3.2 Throwing
 + Level 7.4 Armour
 * Level 10.7 Dodging
 + Level 7.4 Stealth
 + Level 5.0 Spellcasting
 + Level 6.9 Hexes


You had 16 spell levels left.
You knew the following spells:

 Your Spells              Type           Power        Failure   Level  Hunger
a - Corona                Hex            ###....      2%          1    None
b - Ensorcelled Hibernat  Hex/Ice        ##....       16%         2    ##.....
c - Confuse               Hex            ###.....     7%          3    ###....

Your spell library contained the following spells:

 Spells                   Type           Power        Failure   Level  Hunger
 Slow                     Hex            ###.....     3%          2    ##.....
 Tukima's Dance           Hex            ###.....     7%          3    ###....
 Dazzling Spray           Conj/Hex       ##....       30%         3    ###....
 Animate Skeleton         Necr           N/A          38%         1    None
 Magic Dart               Conj           #...         38%         1    None
 Pain                     Necr           #...         38%         1    None
 Sting                    Conj/Pois      #...         38%         1    None
 Blink                    Tloc           N/A          52%         2    ##.....
 Call Imp                 Summ           #.......     52%         2    ##.....
 Poisonous Vapours        Pois/Air       #.....       52%         2    ##.....
 Searing Ray              Conj           #.....       52%         2    ##.....
 Fulminant Prism          Conj/Hex       ##........   69%         4    ####...
 Conjure Flame            Conj/Fire      #.......     77%         3    ###....
 Mephitic Cloud           Conj/Pois/Air  #.......     77%         3    ###....
 Regeneration             Chrm/Necr      #.........   77%         3    ###....
 Vampiric Draining        Necr           #.........   77%         3    ###....
 Animate Dead             Necr           N/A          99%         4    ####...
 Force Lance              Conj/Tloc      #.......     99%         4    ####...
 Iskenderun's Mystic Bla  Conj           #.......     99%         4    ####...
 Olgreb's Toxic Radiance  Pois           #.......     99%         4    ####...
 Venom Bolt               Conj/Pois      #.........   100%        5    ######.


Dungeon Overview and Level Annotations

Branches:
Dungeon (13/15)            Temple (1/1) D:4            Lair (4/6) D:8
 Shoals (0/4) Lair:2          Orc (1/2) D:10
  Snake: Lair:2-4    Spider: Lair:2-4    Vaults: D:13-14

Altars:
Ashenzari
Cheibriados
Dithmenos
Elyvilon
Fedhas
Gozag
Hepliaklqana
Kikubaaqudgha
Makhleb
Nemelex Xobeh
Okawaru
Qazlal
Ru
Sif Muna
Trog
Uskayaw
Vehumet
Wu Jian
Xom
Yredelemnul
Zin
The Shining One

Shops:
D:6 =   D:10 }

Portals:
Trove: D:12 (give 6 scrolls of blinking)


Innate Abilities, Weirdness & Mutations

Your body is rotting away.
You thrive on raw meat.
You are immune to poison.
You have sharp fingernails.
You are carnivorous and can eat meat at any time.
Your flesh is cold resistant. (rC+)
You are immune to negative energy. (rN+++)
You do not regenerate when monsters are visible.
You are immune to unholy pain and torment.
You can survive without breathing.


Message History

You hit the orc knight but do no damage.
The orc knight looks as sick as possible!
The orc knight is heavily wounded.
You hit the orc knight.
The orc knight is heavily wounded.
The ogre hits you with a +0 giant club!!
* * * LOW HITPOINT WARNING * * *
The orc knight hits you with a +0 war axe!!
* * * LOW HITPOINT WARNING * * *
You hit the orc knight but do no damage.
The orc knight is heavily wounded.
The orc no longer looks unusually strong.
The orc knight roars a battlecry!
The orc goes into a battle-frenzy!
Okay, then.
Okay, then.
As you read the scroll of teleportation, it crumbles to dust.
You feel strangely unstable.
The orc knight hits you with a +0 war axe!
You die...

######## ##......##
##........## #..........#
############ #.........<#
#####........... #..........#
#.....########## #...)......#
#....## #..........######.###
##........oO@o......#########
##........o#######...........
#..........# #..########.
#..........########...# ##
#..........##.........# ##
#..........##.........# ##.
#...........#.........# ###..
##........#...........###...#
##......####.♣...........###


You could see 2 orc knights, an ogre and an orc.

Vanquished Creatures
  Gastronok (Lair:2)
  Erolcha (D:9)
  4 hydras
  2 two-headed ogres
  Urug (D:10)
  Sonja (Lair:3)
  A skeletal warrior (D:12)
  3 unseen horrors
  3 ugly things
  3 cyclopes
  A deep elf mage (D:12)
  Maurice (D:10)
  A black mamba (D:8)
  2 merfolk sirens (Lair:2)
  A gargoyle (D:10)
  4 spiny frogs
  A rime drake (Lair:1)
  3 komodo dragons
  2 trolls
  5 blink frogs (Lair:3)
  2 merfolk (Lair:2)
  2 hornets
  4 slime creatures
  4 hippogriffs
  A wyvern (D:7)
  A basilisk (Lair:2)
  2 wraiths (Ossuary)
  16 yaks
  4 vampire mosquitoes
  3 hungry ghosts
  3 water moccasins
  Edmund (D:5)
  Duvessa (D:7)
  6 porcupines
  A soldier ant (D:13)
  2 black bears
  An ice beast (D:9)
  3 sky beasts
  5 orc warriors
  A necrophage (D:12)
  A phantom (D:5)
  5 ogres
  3 centaurs
  6 wolves
  4 crocodiles
  A big kobold (D:9)
  2 elf zombies (D:7)
  11 bullfrogs
  Dowan (D:7)
  An elf skeleton (D:7)
  2 scorpions
  A wyvern skeleton (D:6)
  4 killer bees
  13 wights
  An electric eel (Lair:3)
  2 howler monkeys
  4 crimson imps
  3 bullfrog zombies
  4 jellies
  2 centaur zombies
  6 hounds
  5 orc priests
  2 human skeletons (D:7)
  7 orc wizards
  2 centaur skeletons
  A human zombie (D:7)
  3 iguanas
  8 worker ants
  A hound zombie (D:6)
  A howler monkey skeleton (D:5)
  Robin (D:2)
  21 adders
  4 gnolls
  A shadow imp (D:7)
  3 adder skeletons
  A worm (D:3)
  4 dart slugs
  9 leopard geckos
  33 orcs
  A ball python (D:4)
  10 bats
  2 giant cockroaches (D:3)
  27 goblins
  6 hobgoblins
  3 jackals (D:4)
  4 quokkas
  A ball python skeleton (Ossuary)
  10 frilled lizards
  A hobgoblin zombie (Ossuary)
  15 kobolds
  2 kobold zombies (Ossuary)
  A leopard gecko skeleton (D:6)
  An orc skeleton (Ossuary)
  An orc zombie (Ossuary)
  A quokka skeleton (D:8)
  4 rats
378 creatures vanquished.

Vanquished Creatures (others)
  2 fungi
  A plant (Lair:2)
3 creatures vanquished.

Grand Total: 381 creatures vanquished

Notes
Turn   | Place    | Note
-------+----------+-------------------------------------------
     0 | D:1      | Borgoz the Ghoul Enchanter began the quest for the Orb.
     0 | D:1      | Reached XP level 1. HP: 14/14 MP: 2/2
    46 | D:1      | Reached skill level 1 in Short Blades
   121 | D:1      | Reached XP level 2. HP: 7/21 MP: 3/3
   359 | D:1      | HP: 1/22 [goblin/+0 dagger (3)]
   910 | D:1      | Reached skill level 1 in Fighting
  1124 | D:1      | Reached XP level 3. HP: 28/28 MP: 4/4
  1187 | D:1      | Reached skill level 1 in Armour
  1414 | D:2      | Noticed Robin
  1464 | D:1      | Reached XP level 4. HP: 7/35 MP: 5/5
  1952 | D:2      | Killed Robin
  2192 | D:2      | Reached XP level 5. HP: 41/41 MP: 6/6
  2199 | D:2      | Learned a level 2 spell: Ensorcelled Hibernation
  2203 | D:2      | Learned a level 3 spell: Confuse
  3389 | D:4      | Found a staircase to the Ecumenical Temple.
  3449 | Temple   | Entered the Ecumenical Temple
  3537 | D:4      | Reached XP level 6. HP: 50/50 MP: 7/7
  4036 | D:5      | Entered Level 5 of the Dungeon
  4213 | D:5      | Noticed Edmund
  4237 | D:5      | Killed Edmund
  4237 | D:5      | Reached XP level 7. HP: 57/57 MP: 8/8
  4734 | D:5      | Reached skill level 5 in Dodging
  4734 | D:5      | Reached XP level 8. HP: 59/66 MP: 9/9
  5493 | D:6      | Found Umup's Jewellery Shop.
  5516 | D:6      | Found a bloodstained altar of Trog.
  5868 | D:6      | Found a sparkling altar of Nemelex Xobeh.
  5869 | D:6      | Found a shattered altar of Ashenzari.
  5870 | D:6      | Found an ornate altar of the Wu Jian Council.
  5880 | D:6      | Became a worshipper of Ashenzari the Shackled
  5958 | D:6      | Found a snail-covered altar of Cheibriados.
  6133 | D:7      | Found a sand-covered staircase.
  6231 | Ossuary  | Entered an ossuary
  6298 | Ossuary  | Reached skill level 5 in Short Blades
  6298 | Ossuary  | Reached XP level 9. HP: 67/72 MP: 10/10
  6512 | Ossuary  | Reached skill level 1 in Throwing
  6759 | D:7      | Found a blossoming altar of Fedhas.
  6990 | D:7      | Noticed Dowan
  6991 | D:7      | Noticed Duvessa
  7002 | D:7      | Killed Duvessa
  7002 | D:7      | Reached skill level 5 in Fighting
  7004 | D:7      | Killed Dowan
  7871 | D:8      | Found a staircase to the Lair.
  7982 | D:8      | Found a white marble altar of Elyvilon.
  8167 | D:8      | Noticed a two-headed ogre
  8175 | D:8      | Killed a two-headed ogre
  8175 | D:8      | Reached XP level 10. HP: 81/81 MP: 11/11
  8325 | D:8      | Found a basalt altar of Yredelemnul.
  8650 | D:9      | Noticed Erolcha
  9469 | Lair:1   | Entered Level 1 of the Lair of Beasts
  9534 | Lair:1   | Reached skill level 5 in Armour
  9723 | Lair:1   | Reached * piety under Ashenzari
 10308 | Lair:1   | Noticed a five-headed hydra
 10325 | Lair:1   | Killed a five-headed hydra
 10325 | Lair:1   | Reached skill level 5 in Hexes
 10428 | Lair:1   | Noticed a spiny frog
 10439 | Lair:1   | Killed a spiny frog
 10439 | Lair:1   | Reached XP level 11. HP: 77/90 MP: 11/13
 10888 | D:9      | Killed Erolcha
 10937 | D:9      | Found a blossoming altar of Fedhas.
 12051 | D:9      | Found a shimmering altar of Xom.
 12145 | D:10     | Entered Level 10 of the Dungeon
 12832 | D:10     | Found Jiprog's Gadget Shoppe.
 12956 | D:10     | Noticed Urug
 13002 | D:10     | Killed Urug
 13157 | D:10     | Reached skill level 5 in Stealth
 13204 | D:10     | Found a staircase to the Orcish Mines.
 13373 | D:10     | Noticed Maurice
 13404 | D:10     | Killed Maurice
 13427 | D:10     | Reached ** piety under Ashenzari
 14596 | D:11     | Reached XP level 12. HP: 17/100 MP: 5/16
 15332 | D:11     | Noticed a two-headed ogre
 15389 | D:11     | Killed a two-headed ogre
 16495 | D:12     | Found a portal to a secret trove of treasure.
 17545 | D:12     | Noticed an eight-headed hydra
 17560 | D:12     | Killed an eight-headed hydra
 17560 | D:12     | Reached skill level 10 in Dodging
 18003 | D:13     | Noticed a five-headed hydra
 18067 | D:13     | Killed a five-headed hydra
 18435 | D:13     | Reached XP level 13. HP: 102/108 MP: 18/18
 19419 | Lair:2   | Noticed Gastronok
 19423 | Lair:2   | Reached *** piety under Ashenzari
 19464 | Lair:2   | Killed Gastronok
 19464 | Lair:2   | Reached skill level 10 in Short Blades
 19722 | Lair:2   | Found a staircase to the Shoals.
 20764 | Lair:3   | Noticed Sonja
 20799 | Lair:3   | Killed Sonja
 20914 | Lair:3   | Reached skill level 5 in Spellcasting
 21429 | Lair:3   | Identified a scroll of acquirement
 22229 | Orc:1    | Entered Level 1 of the Orcish Mines
 22524 | D:10     | HP: 1/109 [orc knight/+0 war axe (19)]
 22526 | D:10     | Mangled by an orc knight

Skill      XL: |  1  2  3  4  5  6  7  8  9 10 11 12 13 |
---------------+----------------------------------------+-----
Short Blades   | 1 2 3 5 6 7 8 9 10 | 10.3
Dodging        | 2 3 4 5 6 7 8 9 10 | 10.7
Fighting       | 1 2 3 4 5 6 7 8 |  8.9
Armour         | 1 2 3 4 5 6 7 |  7.4
Hexes          | 3 4 5 6 |  6.9
Throwing       | 2 3 |  3.2
Spellcasting   | 2 3 4 5 |  5.0
Stealth        | 5 6 7 |  7.4

Action                   |  1- 3 |  4- 6 |  7- 9 | 10-12 | 13-15 || total
-------------------------+-------+-------+-------+-------+-------++-------
Melee: Dagger            |    28 |       |    55 |  1824 |   601 ||  2508
       Whip              |    64 |   284 |   367 |       |       ||   715
Throw: Tomahawk          |       |       |       |     1 |       ||     1
 Cast: Corona            |       |       |       |     3 |       ||     3
       Confuse           |       |       |       |     6 |       ||     6
Invok: Curse Item        |       |       |     2 |       |       ||     2
Evoke: Wand              |       |       |     2 |    18 |       ||    20
  Use: Potion            |     2 |       |       |     9 |     3 ||    14
       Scroll            |     1 |       |    10 |    11 |    13 ||    35
 Stab: Sleeping          |     4 |     4 |     8 |    12 |     4 ||    32
       Invisible         |     1 |       |       |       |     3 ||     4
       Paralysed         |       |       |     3 |     6 |       ||     9
       Confused          |       |       |       |     2 |       ||     2
       Distracted        |       |       |       |     1 |       ||     1
  Eat: Chunk             |     7 |    13 |    14 |    72 |    17 ||   123
Armor: Robe              |    20 |    22 |       |       |       ||    42
       Ring mail         |       |    98 |   201 |   516 |   149 ||   964
       Chain mail        |       |    30 |       |       |       ||    30
Dodge: Dodged            |    73 |   235 |   314 |   877 |   293 ||  1792
       Deflected         |       |       |       |     9 |       ||     9
